 Dungeon Crawl Stone Soup version 0.27.1-3-gb3d3a73c9e (webtiles) character file.

Game seed: 1260100583348371424

68 bnorton916 the Conjurer (level 4, -4/24 HPs)
             Began as a Deep Elf Conjurer on Oct 18, 2021.
             Slain by an orc warrior (7 damage)
             ... on level 2 of the Dungeon.
             The game lasted 00:01:38 (1847 turns).

bnorton916 the Conjurer (Deep Elf Conjurer)         Turns: 1847, Time: 00:01:38

Health: -4/24      AC:  2    Str:  4    XL:     4   Next: 1%
Magic:  5/12       EV: 12    Int: 24    God:
Gold:   120        SH:  0    Dex: 13    Spells: 9/12 levels left

rFire    . . .     SeeInvis .   (no weapon)
rCold    . . .     Faith    .   (no shield)
rNeg     . . .     Spirit   .   a - +0 robe
rPois    .         Reflect  .   (no helmet)
rElec    .         Harm     .   (no cloak)
rCorr    .         Rampage  .   (no gloves)
Will     .....                  (no boots)
Stlth    ++........             (no amulet)
HPRegen  0.08/turn              (no ring)
MPRegen  0.13/turn              (no ring)

@: no status effects
A: no striking features
a: no special abilities


You were on level 2 of the Dungeon.
You visited 1 branch of the dungeon, and saw 3 of its levels.

You collected 120 gold pieces.

Inventory:

Armour
 a - a +0 robe (worn)
Scrolls
 b - a scroll of enchant armour {unknown}
 e - a scroll of torment {unknown}
Potions
 c - a potion of curing {unknown}
 d - a potion of haste {unknown}
 f - a potion of lignification {unknown}
 g - a potion of flight {unknown}
 h - a potion of attraction {unknown}


   Skills:
 - Level 2.4 Dodging
 - Level 2.4 Stealth
 + Level 4.6 Spellcasting
 + Level 5.3 Conjurations


You had 9 spell levels left.
You knew the following spells:

 Your Spells              Type           Power      Damage    Failure   Level
a - Magic Dart            Conj           100%       1d8       1%          1
b - Searing Ray           Conj           62%        3d5       1%          2

Your spell library contained the following spells:

 Spells                   Type           Power      Damage    Failure   Level
 Dazzling Flash           Conj/Hex       36%        N/A       9%          3
 Fulminant Prism          Conj/Hex       9%         3d7       30%         4
 Iskenderun's Mystic Bla  Conj/Tloc      18%        2d6       30%         4


Dungeon Overview and Level Annotations

Branches:
Dungeon (3/15)

Altars:
Uskayaw


Message History

Confirm with . or Enter, or press ? or * to list all spells.
You can't see any susceptible monsters within range! (Use Z to cast anyway.) Unknown command.
Casting: Magic Dart (safe; 1% risk of failure)
Confirm with . or Enter, or press ? or * to list all spells.
Aiming: Searing Ray (safe; 1% risk of failure)
Press: ? - help, Shift-Dir - straight line, f/p - orc warrior
Aim: an orc warrior, wielding a +0 hand axe and wearing a +0 plate armour (moderately wounded, 79% to hit)
The searing ray hits the orc warrior.
The orc warrior is moderately wounded. (Press . to maintain the ray.)
An orc comes into view. It is wielding a +0 short sword.
The searing ray hits the orc warrior.
The orc warrior is heavily wounded.
The searing ray misses the orc warrior.
The orc warrior hits you with a +0 hand axe!
Ouch! That really hurt!
* * * LOW HITPOINT WARNING * * *
The searing ray misses the orc warrior.
You finish channeling your searing ray.
The orc shouts!
The orc warrior closely misses you.
Unknown command.
You see here an adder corpse.
The orc warrior hits you with a +0 hand axe!
* * * LOW HITPOINT WARNING * * *
There is a stone staircase leading up here.
You climb upwards.
There is a stone staircase leading down here.
Casting: Searing Ray (safe; 1% risk of failure)
Confirm with . or Enter, or press ? or * to list all spells.
Aiming: Searing Ray (safe; 1% risk of failure)
Press: ? - help, Shift-Dir - straight line, f - orc warrior
Aim: an orc warrior, wielding a +0 hand axe and wearing a +0 plate armour (moderately wounded, 79% to hit)
The searing ray hits the orc warrior.
The orc warrior is heavily wounded. (Press . to maintain the ray.)
The orc warrior barely misses you.
The searing ray misses the orc warrior.
The orc warrior hits you with a +0 hand axe!
You die...

#.......# #.#
#..##'#.#+###### ###.#####
#.# #..#....#+###### #.# #.#
#..+...........# #.# #.#
#.##...........# #.#
#.###.#............#
#.#######..................#
#>..................#+######
###################.#.#
#.......o@.......#
########........#####)###
#......'........#.....#
##.#####........#.....#
#.######.......'.....#
#....# #.###...#....##
####.# #...'...###### #.#
#...#...# #.#######.###


You could see an orc warrior.

Vanquished Creatures
  3 adders
  2 worms
  2 dart slugs (D:2)
  2 ball pythons
  4 bats
  2 endoplasms
  2 giant cockroaches
  4 goblins
  A hobgoblin (D:2)
  2 quokkas
  3 frilled lizards
  2 kobolds (D:1)
  3 rats
32 creatures vanquished.

Vanquished Creatures (others)
  3 fungi (D:3)
  A plant (D:3)
4 creatures vanquished.

Grand Total: 36 creatures vanquished

Notes
Turn   | Place    | Note
-------+----------+-------------------------------------------
     0 | D:1      | bnorton916 the Deep Elf Conjurer began the quest for the
                  | Orb.
     0 | D:1      | Reached XP level 1. HP: 10/10 MP: 6/6
   407 | D:1      | Reached XP level 2. HP: 13/15 MP: 3/8
  1000 | D:2      | Learned a level 2 spell: Searing Ray
  1012 | D:2      | Reached skill level 5 in Conjurations
  1012 | D:2      | Reached XP level 3. HP: 19/19 MP: 2/10
  1671 | D:3      | Found a hide-covered altar of Uskayaw.
  1760 | D:3      | Reached XP level 4. HP: 24/24 MP: 8/12
  1810 | D:3      | Noticed an orc warrior
  1847 | D:2      | Slain by an orc warrior

Illustrated notes

Levels and vault maps discovered:
D:1:      eino_arrival_druids_welcome, layout_loops_ring
D:2:      layout_basic
D:3:      layout_loops_ring, mainiacjoe_overflow_concentric_impassable,
          mainiacjoe_overflow_large_starburst,
          shapermc_ecumenical_altar_acropolis

Skill      XL: |  1  2 |
---------------+-------+-----
Spellcasting   | 4 |  4.6
Conjurations   | 5 |  5.3
Dodging        | |  2.4
Stealth        | |  2.4

Action                   |  1- 3 |  4- 6 || total
-------------------------+-------+-------++-------
 Cast: Magic Dart        |    56 |     4 ||    60
       Searing Ray       |     1 |     2 ||     3
Dodge: Dodged            |     2 |     2 ||     4
